AoeStats
← bananin.cxs

Hideout

509706941Analyzed
1v1 RM · 5d ago on Sep 27, 2026· 55m 56s· 2 players
Game mode
Random Map
Map size
Tiny (2 player)
Population
200
Speed
Normal
Resources
Standard
Victory
Conquest
Starting age
Dark Age
Ending age
Imperial Age
RankedLock teamsTeams togetherTeam positionsShared explorationLock speedFull tech treeHidden civsTurbo modeCheats
Victory
Defeat
🇨🇱 Magyars · Chile
1123
+15
🇬🇧 Saxons · United Kingdom
1109
-15
azstephens88
7:34 Loom
9:50 Feudal Age
11:02 Double-Bit Axe
12:44 Horse Collar
14:13 Fletching
24:03 Castle Age
23:39 Gold Mining
23:39 Stone Mining
25:00 Bodkin Arrow
25:06 Heavy Plow
25:17 Bow Saw
25:56 Guard Tower
27:01 Ballistics
29:43 Squires
29:29 Gambesons
32:38 Wheelbarrow
33:19 Scale Mail Armor
33:29 Forging
34:07 Gold Shaft Mining
33:24 Town Watch
39:04 Imperial Age
37:53 Chain Mail Armor
38:14 Iron Casting
37:58 Murder Holes
40:23 Masonry
42:07 Plate Mail Armor
44:32 Elite Varangian Guard
45:32 Bracer
47:38 Architecture
49:41 Hand Cart
52:21 Crop Rotation
52:56 Two-Man Saw
51:23 Shield Wall
52:24 Conscription
bananin.cxs
10:16 Feudal Age
9:06 Loom
13:09 Double-Bit Axe
13:35 Man-at-Arms
14:50 Town Watch
15:26 Scale Mail Armor
16:36 Fletching
24:46 Wheelbarrow
28:13 Castle Age
26:52 Padded Archer Armor
29:25 Bodkin Arrow
30:10 Crossbowman
31:20 Bow Saw
30:52 Horse Collar
35:06 Gold Mining
42:32 Imperial Age
41:36 Ballistics
43:16 Capped Ram
43:21 Arbalester
44:02 Bracer
44:18 Leather Archer Armor
46:46 Corvinian Army
48:32 Thumb Ring
48:51 Hand Cart
49:39 Two-Man Saw
49:23 Husbandry
49:38 Scale Barding Armor
49:34 Light Cavalry
51:01 Elite Skirmisher
52:24 Masonry
53:22 Chemistry
53:28 Chain Barding Armor
55:08 Hussar
55:58 Bloodlines
56:43 Plate Barding Armor
56:40 Ring Archer Armor
Connection lost

Rejoining the realm…

Still unreachable

The connection could not be restored.

Session expired

The server has moved on; the page needs a fresh start.